cohdb
Replays
Latest Replays
All Replays
Popular Replays
Top Player Replays
Match Explorer
How It Works
Community
CoH3 Stats
Reddit
Sign in to upload your games and track your stats! →
Sign in with Steam
Match 41188838
Unlisted
Match 41188838
Overview
Messages
Build Orders
End
Kradschützen Motorcycle Team
Selects Panzerjäger Kommand Battlegroup
Selects Mine Fields
Panzergrenadier Squad
Panzergrenadier Squad
Construct Light Support Kompanie
Panzerjäger Squad
Fire Support Elements
Selects Tank Busters
Assault Grenadier Squad
2.5-tonne Medical Truck
Panzergrenadier Squad
Construct Panzerarmee Kommand
Panzergrenadier Squad
Selects Defensive Positions
Selects Tank Busters
Walking Stuka Rocket Launcher
Veteran Squad Leaders
Walking Stuka Rocket Launcher
Panzerpioneer Squad
Armored Reserves
250 Light Carrier
Tiger Heavy Tank
Selects Butterfly Bomb Drop
Selects Crew Shock Tactics
Selects Elefant Tank Destroyer
Butterfly Bomb Drop
Elefant Tank Destroyer
Rapid Advance
Emergency Repair Kits
Vehicle Survival Package
S A N E
Mr.Faraam
Toasty McToastFace
Thunderhill
Titans Ground Force
LaurenFrost
Skayrippa
mooncat_black
0
0
Comments
sign in to comment!
No comments posted yet!